 Dungeon Crawl Stone Soup version 0.20-a0-1126-g0f15420 (webtiles) character file.

446 Naow the Magician (level 7, -2/41 HPs)
             Began as an Octopode Wizard on May 17, 2017.
             Slain by Grinder (4 damage)
             ... while paralysed by Grinder
             ... on level 5 of the Dungeon.
             The game lasted 00:08:51 (4539 turns).

Naow the Magician (Octopode Wizard)                 Turns: 4539, Time: 00:08:52

Health: -2/41      AC:  1    Str:  7    XL:     7   Next: 3%
Magic:  11/15      EV:  2    Int: 22    God:
Gold:   144        SH:  0    Dex: 10    Spells: 5/16 levels left

rFire    . . .     SeeInvis .   t - staff of wizardry
rCold    . . .     Gourm    .   (no shield)
rNeg     . . .     Faith    .   a - +0 hat
rPois    +         Spirit   .   r - amulet of magic regeneration
rElec    .         Reflect  .   o - ring of poison resistance
rCorr    .         Harm     .   (no ring)
MR       .....                  (no ring)
Stlth    +++.......             (no ring)
Regen    0.2/turn               (no ring)
MPRegen  0.3/turn               (no ring)
                                (no ring)
                                (no ring)

@: paralysed
A: almost no armour, stealthy swim, amphibious, 8 rings, constrict 8, camouflage
1, gelatinous body 1
a: no special abilities


You were on level 5 of the Dungeon.
You were not hungry.

You visited 1 branch of the dungeon, and saw 5 of its levels.

You collected 144 gold pieces.

Inventory:

Hand Weapons
 s - a +0 short sword
Armour
 a - a +0 hat (worn)
Magical Staves
 t - an uncursed staff of wizardry (weapon)
Jewellery
 o - a ring of poison resistance (left tentacle)
 r - an amulet of magic regeneration (around mantle)
Wands
 q - a wand of random effects (28/48)
Scrolls
 j - 4 scrolls of amnesia {unknown}
 k - 2 scrolls of teleportation {unknown}
 l - 3 scrolls of identify {unknown}
 m - 4 scrolls of magic mapping {unknown}
Potions
 d - 2 potions of curing
 e - a potion of berserk rage {unknown}
 f - a potion of might {unknown}
 h - 2 potions of flight
 i - 4 potions of heal wounds
 p - a potion of degeneration {unknown}
Books
 b - a book of Minor Magic

   Spells                             Type                      Level
   a - Magic Dart                     Conjuration                  1
   b - Blink                          Translocation                2
   c - Call Imp                       Summoning                    2
   d - Slow                           Hexes                        2
   e - Conjure Flame                  Conjuration/Fire             3
   f - Mephitic Cloud                 Conjuration/Poison/Air       3
Comestibles
 c - 3 bread rations
 g - a fruit
 n - a meat ration
 u - a chunk of flesh


   Skills:
 + Level 0.2 Fighting
 + Level 2.0 Dodging
 - Level 2.6 Stealth
 + Level 5.4 Spellcasting
 + Level 4.8 Conjurations
 - Level 1.0 Summonings
 - Level 1.0 Translocations


You had 5 spell levels left.
You knew the following spells:

 Your Spells              Type           Power        Failure   Level  Hunger
a - Magic Dart            Conj           ####         1%          1    None
b - Mephitic Cloud        Conj/Pois/Air  ##......     6%          3    ##.....
c - Conjure Flame         Conj/Fire      ###.....     4%          3    ##.....
d - Blink                 Tloc           N/A          4%          2    None
e - Call Imp              Summ           ##......     4%          2    None


Dungeon Overview and Level Annotations

Branches:
Dungeon (5/15)
 Temple: D:4-7

Altars:
Wu Jian
Xom

Annotations:
D:4 Robin
D:5 Grinder


Innate Abilities, Weirdness & Mutations

You cannot wear most types of armour.
You are very stealthy in the water. (Stealth+)
You are amphibious.
You can wear up to eight rings at the same time.
You can use your tentacles to constrict eight enemies at once.
Your skin changes colour to match your surroundings (Stealth+).
Your rubbery body absorbs attacks. (AC +1, EV +1)


Message History

Confirm with . or Enter, or press ? or * to list all spells.
Aiming: Magic Dart
Press: ? - help, Shift-Dir - straight line, f/p - Grinder
Aim: Grinder (heavily wounded)
The magic dart hits Grinder.
Grinder is severely wounded.
Grinder misses you.
Casting: Magic Dart
Confirm with . or Enter, or press ? or * to list all spells.
Aiming: Magic Dart
Press: ? - help, Shift-Dir - straight line, f/p - Grinder
Aim: Grinder (heavily wounded)
The magic dart hits Grinder.
Grinder is severely wounded.
Grinder gestures at you.
You suddenly lose the ability to move!
Grinder hits you!
* * * LOW HITPOINT WARNING * * *
You writhe in agony.
You die...

#### ..#
#.# #####
#$#####...#
#......@#.#
#######55.#
###.##
#...# #.###
#.# #.# #.#
#.#


You could see Grinder and a friendly crimson imp.

Vanquished Creatures
  Sigmund (D:3)
  Ijyb (D:3)
  Natasha (thrice) (D:3)
  A worker ant (D:5)
  4 gnolls (D:3)
  An adder (D:3)
  A howler monkey skeleton (D:4)
  A shadow imp (D:5)
  2 dart slugs (D:2)
  3 leopard geckos
  2 orcs
  2 ball pythons
  3 bats
  5 giant cockroaches
  13 goblins
  9 hobgoblins
  13 jackals
  2 frilled lizards (D:1)
  3 kobolds
  A leopard gecko skeleton (D:4)
  4 rats
75 creatures vanquished.

Notes
Turn   | Place    | Note
-------+----------+-------------------------------------------
     0 | D:1      | Naow the Octopode Wizard began the quest for the Orb.
     0 | D:1      | Reached XP level 1. HP: 11/11 MP: 4/4
   664 | D:1      | Reached XP level 2. HP: 17/17 MP: 3/6
  1309 | D:2      | Reached XP level 3. HP: 21/21 MP: 4/7
  1931 | D:2      | Found a shimmering altar of Xom.
  2379 | D:3      | Noticed Ijyb
  2407 | D:3      | Killed Ijyb
  2407 | D:3      | Reached skill level 4 in Spellcasting
  2407 | D:3      | Reached XP level 4. HP: 7/27 MP: 0/10
  2607 | D:2      | Learned a level 3 spell: Mephitic Cloud
  2611 | D:2      | Learned a level 3 spell: Conjure Flame
  2614 | D:2      | Learned a level 2 spell: Blink
  2617 | D:2      | Learned a level 2 spell: Call Imp
  2816 | D:3      | Noticed Sigmund
  3020 | D:3      | Noticed Natasha
  3034 | D:3      | Reached XP level 5. HP: 21/31 MP: 8/11
  3487 | D:3      | Killed Natasha
  3581 | D:3      | Killed Sigmund
  3581 | D:3      | Reached skill level 5 in Spellcasting
  3581 | D:3      | Reached XP level 6. HP: 22/36 MP: 3/13
  3699 | D:3      | Noticed Natasha
  3704 | D:3      | Killed Natasha
  3937 | D:3      | Noticed Natasha
  3947 | D:3      | Killed Natasha
  4143 | D:4      | Found an ornate altar of the Wu Jian Council.
  4172 | D:4      | Noticed Robin
  4206 | D:4      | Noticed a phantom
  4222 | D:5      | Entered Level 5 of the Dungeon
  4457 | D:5      | Reached XP level 7. HP: 41/41 MP: 9/15
  4514 | D:5      | Noticed Grinder
  4538 | D:5      | Paralysed by Grinder for 6 turns
  4539 | D:5      | HP: 2/41 [Grinder (9)]
  4539 | D:5      | Slain by Grinder

Vault maps used:
D:1:      ncdulo_watergridlock
D:2:      xom_teletrap_fun, hangedman_decor_clover_reticule
D:3:      first_bread, uniq_natasha, uniq_sigmund, uniq_ijyb
D:4:      old_standard_altar, minmay_temple_entry_overgrown, uniq_robin
D:5:      uniq_grinder

Skill      XL: |  1  2  3  4  5 |
---------------+----------------+-----
Conjurations   | 2 3 4 |  4.8
Spellcasting   | 4 5 |  5.4
Fighting       | |  0.2
Dodging        | |  2.0
Stealth        | |  2.6
Summonings     | |  1.0
Translocations | |  1.0

Action                   |  1- 3 |  4- 6 |  7- 9 || total
-------------------------+-------+-------+-------++-------
Melee: Unarmed           |    20 |       |       ||    20
       Constrict         |     4 |    13 |     2 ||    19
       Tentacles         |     4 |    10 |       ||    14
       Short sword       |       |    37 |       ||    37
       Staff             |       |       |     3 ||     3
 Cast: Magic Dart        |    93 |    63 |     4 ||   160
       Mephitic Cloud    |       |    10 |       ||    10
       Conjure Flame     |       |     1 |       ||     1
       Call Imp          |       |       |     2 ||     2
       Blink             |       |       |     1 ||     1
  Use: Potion            |     3 |       |       ||     3
 Stab: Sleeping          |     1 |     1 |       ||     2
       Confused          |       |     3 |       ||     3
  Eat: Chunk             |     4 |     2 |       ||     6
       Royal jelly       |       |     1 |       ||     1
       Meat ration       |       |     1 |       ||     1
Armor: Skin              |       |     2 |       ||     2
Dodge: Dodged            |    14 |    33 |     4 ||    51
